 Dungeon Crawl Stone Soup version 0.21.0-3-g78d12a8 (console) character file.

1621 toffzen the Grappler (level 8, -5/79 HPs)
             Began as a Troll Transmuter on Jan 16, 2018.
             Was an Initiate of Ru.
             Splashed by an orc priest's acid (9 damage)
             ... on level 6 of the Dungeon.
             The game lasted 00:17:48 (5223 turns).

toffzen the Grappler (Troll Transmuter)             Turns: 5223, Time: 00:17:48

Health: -5/79      AC:  2    Str: 19    XL:     8   Next: 64%
Magic:  17/17      EV: 12    Int: 11    God:    Ru [......]
Gold:   210        SH:  0    Dex: 12    Spells: 6/9 levels left

rFire    . . .     SeeInvis .     - Unarmed
rCold    . . .     Gourm    +   (no shield)
rNeg     . . .     Faith    .   b - +0 robe
rPois    .         Spirit   .   (helmet restricted)
rElec    .         Reflect  .   v - +0 cloak (curse)
rCorr    .         Harm     .   (gloves unavailable)
MR       .....                  (boots unavailable)
Stlth    +.........             (no amulet)
HPRegen  0.63/turn              f - ring of magical power
MPRegen  0.15/turn              y - +2 ring of dexterity

@: corroded
A: large, unfitting armour, claws 3, fast metabolism 3, gourmand, regeneration
1, shaggy fur 1, tough skin 2
a: Renounce Religion


You were on level 6 of the Dungeon.
You worshipped Ru.
Ru was noncommittal.
You were very full.

You visited 2 branches of the dungeon, and saw 7 of its levels.

You collected 210 gold pieces.

Inventory:

Missiles
 a - 64 arrows
 l - 99 stones (quivered)
 q - 6 poisoned needles
Armour
 b - a +0 robe (worn)
 v - a cursed +0 cloak (worn)
Magical Staves
 r - an uncursed staff of earth
Jewellery
 f - a ring of magical power (left claw)
 y - a +2 ring of dexterity (right claw)
Wands
 o - a wand of paralysis (12)
Scrolls
 e - 3 scrolls of identify
 g - 2 scrolls of remove curse {unknown}
 h - 2 scrolls of amnesia {unknown}
 i - 5 scrolls of teleportation
 j - 2 scrolls of fear
 m - a scroll of enchant armour {unknown}
 n - a scroll of immolation {unknown}
 p - 3 scrolls of magic mapping {unknown}
Potions
 k - a potion of mutation
 t - a potion of might {unknown}
 u - a potion of haste {unknown}
 w - a potion of lignification {unknown}
Books
 c - a book of Changes

   Spells                             Type                      Level
   a - Beastly Appendage              Transmutation                1
   b - Sticks to Snakes               Transmutation                2
   c - Spider Form                    Transmutation/Poison         3
   d - Ice Form                       Ice/Transmutation            4
   e - Blade Hands                    Transmutation                5
 x - a book of Maledictions

   Spells                             Type                      Level
   a - Corona                         Hexes                        1
   b - Ensorcelled Hibernation        Hexes/Ice                    2
   c - Confuse                        Hexes                        3
   d - Tukima's Dance                 Hexes                        3
   e - Dazzling Spray                 Conjuration/Hexes            3
Comestibles
 d - 9 rations


   Skills:
 + Level 4.5 Fighting
 + Level 4.8 Dodging
 * Level 8.4 Unarmed Combat
 - Level 1.2 Spellcasting
 - Level 1.3 Transmutations


You had 6 spell levels left.
You knew the following spells:

 Your Spells              Type           Power        Failure   Level  Hunger
a - Beastly Appendage     Tmut           #.....       19%         1    ##.....
b - Sticks to Snakes      Tmut           #.......     26%         2    ###....


Dungeon Overview and Level Annotations

Branches:
Dungeon (6/15)             Temple (1/1) D:5

Altars:
Ashenzari
Cheibriados
Dithmenos
Elyvilon
Fedhas
Gozag
Kikubaaqudgha
Makhleb
Nemelex Xobeh
Ru
Trog
Uskayaw
Vehumet
Wu Jian
Xom
Zin
The Shining One

Annotations:
D:3 1 runed door, exclusion: downstairs
D:4 Sigmund


Innate Abilities, Weirdness & Mutations

You are too large for most types of armour.
You have claws for hands.
Your metabolism is lightning-fast.
You like to eat raw meat.
Your natural rate of healing is unusually fast.
You are covered in fur. (AC +1)
You have very tough skin. (AC +2)


Message History

The orc priest mumbles some strange prayers to Beogh against you.
Pain shoots through your body!
The orc throws a stone.
The stone closely misses you. The orc priest hits you with a club.
* * * LOW HITPOINT WARNING * * *
The orc hits you with a morningstar.
* * * LOW HITPOINT WARNING * * *
Found 13 gold pieces.
Things that are here:
a falchion; 3 tomahawks You claw the orc priest!
The orc priest is heavily wounded.
The orc priest barely misses you. The orc hits you with a morningstar!
* * * LOW HITPOINT WARNING * * *
You scratch the orc priest but do no damage.
The orc priest is heavily wounded.
The orc priest zaps a wand.
The bolt of acid hits you!
* * * LOW HITPOINT WARNING * * *
You are splashed with acid!
The acid burns!
You die...

.$.... #.....
#..... ####....#
........#
.......Z#
......oo# ## #@#
#.#..# .. #(#
....##.# #.##
...##.# #(.##
...#.# ##..##
#....## .
##..####.....##.#
##.....#.......#
#####...[..###
####.....#


You could see an orc priest, an orc and a bullfrog skeleton.

Vanquished Creatures
  Menkaure (D:5)
  An orc warrior (D:4)
  A sky beast (D:6)
  2 ogres (D:4)
  A centaur (D:5)
  A bullfrog (D:6)
  2 scorpions (D:5)
  A crimson imp (D:5)
  A quasit (D:6)
  A bullfrog zombie (D:6)
  A jelly (D:5)
  A bullfrog skeleton (D:5)
  7 hounds
  An iguana (D:5)
  An orc priest (D:2)
  4 orc wizards
  4 worker ants
  4 gnolls (D:5)
  15 adders
  A shadow imp (D:5)
  An ooze (D:4)
  An adder skeleton (D:6)
  2 worms (D:2)
  2 dart slugs
  A leopard gecko (D:3)
  18 orcs
  2 bats
  6 giant cockroaches
  3 goblins
  6 hobgoblins
  3 kobolds
  3 quokkas
  7 frilled lizards
  A jackal zombie (D:5)
  7 rats
114 creatures vanquished.

Vanquished Creatures (others)
  An adder (D:6)
1 creature vanquished.

Grand Total: 115 creatures vanquished

Notes
Turn   | Place    | Note
-------+----------+-------------------------------------------
     0 | D:1      | toffzen the Troll Transmuter began the quest for the Orb.
     0 | D:1      | Reached XP level 1. HP: 18/18 MP: 1/1
   106 | D:1      | Reached skill level 1 in Fighting
   148 | D:1      | Reached XP level 2. HP: 24/27 MP: 2/2
   885 | D:2      | Reached XP level 3. HP: 22/33 MP: 3/3
  1069 | D:2      | Reached skill level 4 in Unarmed Combat
  1091 | D:2      | Reached XP level 4. HP: 36/41 MP: 4/4
  1227 | D:2      | Found a burning altar of Makhleb.
  1592 | D:3      | Found an ancient bone altar of Kikubaaqudgha.
  1631 | D:3      | Reached XP level 5. HP: 46/49 MP: 5/5
  1879 | D:3      | Found a runed door.
  2439 | D:4      | Noticed an ogre
  2504 | D:4      | Learned a level 2 spell: Sticks to Snakes
  2543 | D:4      | Reached skill level 5 in Unarmed Combat
  2602 | D:4      | Noticed an ogre
  2608 | D:4      | Killed an ogre
  2608 | D:4      | Reached XP level 6. HP: 35/59 MP: 6/6
  2899 | D:4      | Reached skill level 6 in Unarmed Combat
  2951 | D:4      | Reached XP level 7. HP: 53/67 MP: 7/7
  3097 | D:4      | Noticed Sigmund
  3484 | D:5      | Entered Level 5 of the Dungeon
  3797 | D:5      | Reached skill level 7 in Unarmed Combat
  4040 | D:5      | Found a white marble altar of Elyvilon.
  4042 | D:5      | Found a shimmering altar of Xom.
  4042 | D:5      | Found a shimmering altar of Xom.
  4044 | D:5      | Found an ornate altar of the Wu Jian Council.
  4044 | D:5      | Found a shimmering altar of Xom.
  4044 | D:5      | Found a shimmering altar of Xom.
  4044 | D:5      | Noticed Menkaure
  4050 | D:5      | Killed Menkaure
  4050 | D:5      | Reached XP level 8. HP: 60/78 MP: 8/8
  4216 | D:5      | Found a staircase to the Ecumenical Temple.
  4225 | Temple   | Entered the Ecumenical Temple
  4467 | Temple   | Became a worshipper of Ru the Awakened
  4685 | D:5      | Found an ornate altar of the Wu Jian Council.
  5148 | D:6      | Reached skill level 8 in Unarmed Combat
  5223 | D:6      | Splashed by an orc priest's acid

Skill      XL: |  1  2  3  4  5  6  7  8 |
---------------+-------------------------+-----
Fighting       | 1 2 3 4 |  4.5
Dodging        | 2 3 4 |  4.8
Unarmed Combat | 4 5 6 7 8 |  8.4
Spellcasting   | |  1.2
Transmutations | |  1.3

Action                   |  1- 3 |  4- 6 |  7- 9 || total
-------------------------+-------+-------+-------++-------
Melee: Unarmed           |    92 |   136 |   147 ||   375
       Punch             |     1 |     1 |     4 ||     6
Throw: Stone             |    10 |     7 |       ||    17
Evoke: Wand              |       |     2 |       ||     2
  Use: Scroll            |       |     3 |     2 ||     5
       Potion            |       |       |     2 ||     2
 Stab: Sleeping          |     1 |       |       ||     1
       Paralysed         |       |     4 |       ||     4
  Eat: Chunk             |    15 |    17 |    20 ||    52
Armor: Robe              |    35 |    38 |    34 ||   107
Dodge: Dodged            |    31 |    53 |    69 ||   153
